 Dungeon Crawl Stone Soup version 0.25-a0-565-g8875c97ebb (webtiles) character file.

Game seed: 16903113295177971385, levelgen mode: deterministic

2704 Gargoyl the Skirmisher (level 9, -3/76 (78) HPs)
             Began as a Centaur Abyssal Knight on Feb 26, 2020.
             Was a Priest of Lugonu.
             Slain by a crocodile (10 damage)
             ... on level 7 of the Dungeon.
             The game lasted 00:09:31 (7306 turns).

Gargoyl the Skirmisher (Centaur Abyssal Knight)     Turns: 7306, Time: 00:09:32

HP:   -3/76 (78)    AC:  8    Str: 15    XL:     9   Next: 39%
MP:   13/13         EV:  4    Int: 11    God:    Lugonu [***...]
Gold: 224           SH:  0    Dex: 12    Spells: 8/8 levels left

rFire    . . .     SeeInvis .   n - +1 broad axe (vorpal)
rCold    . . .     Gourm    .   (no shield)
rNeg     . . .     Faith    .   k - +1 chain mail
rPois    .         Spirit   .   (no helmet)
rElec    .         Reflect  .   (no cloak)
rCorr    .         Harm     .   (no gloves)
MR       .....                  (no barding)
Stlth    ..........             (no amulet)
HPRegen  0.22/turn              (no ring)
MPRegen  0.13/turn              (no ring)

@: very heavily drained, very quick
A: large, hooves 3, deformed body, speed 2, tough skin 3
a: Depart the Abyss, Bend Space, Banish, Renounce Religion


You were on level 7 of the Dungeon.
You worshipped Lugonu.
Lugonu was most pleased with you.
You were not hungry.

You visited 1 branch of the dungeon, and saw 7 of its levels.
You visited the Abyss 1 time.

You collected 367 gold pieces.
You spent 143 gold pieces at shops.

Inventory:

Hand Weapons
 a - a +1 hand axe
 e - a +0 scimitar of flaming
 n - a +1 vorpal broad axe (weapon)
 w - a +1 war axe
Missiles
 f - 13 boomerangs (quivered)
 i - 7 javelins
Armour
 k - a +1 chain mail (worn)
Jewellery
 y - an uncursed amulet of magic regeneration
 G - a +3 ring of dexterity {unknown}
Wands
 d - a wand of iceblast (15)
 l - a wand of flame (24)
 r - a wand of polymorph (11)
 t - a wand of digging (11)
 v - a wand of disintegration (11)
 B - a wand of random effects (11)
Scrolls
 h - 3 scrolls of enchant armour
 m - 3 scrolls of identify
 o - 2 scrolls of teleportation
 u - 7 scrolls of remove curse
 C - a scroll of brand weapon {unknown}
 F - a scroll of magic mapping
Potions
 b - a potion of berserk rage
 g - a potion of mutation {unknown}
 j - 2 potions of resistance
 p - a potion of curing {unknown}
 q - a potion of brilliance
 s - 3 potions of flight
 x - 5 potions of heal wounds {unknown}
 z - 2 potions of lignification {unknown}
 A - 2 potions of stabbing {unknown}
 D - a potion of magic
 E - 2 potions of ambrosia {unknown}
Comestibles
 c - 12 rations


   Skills:
 + Level 6.9(3.7) Fighting
 + Level 6.1(3.0) Axes
 + Level 0.5(0.0) Throwing
 * Level 5.1(2.0) Armour
 * Level 3.1(0.2) Dodging
 * Level 5.4(2.3) Invocations
 + Level 0.7(0.0) Evocations


You had 8 spell levels left.
You didn't know any spells.
Your spell library contained the following spells:

 Spells                   Type           Power        Failure   Level  Hunger
 Corona                   Hex            #......      100%        1    ##.....
 Summon Small Mammal      Summ           #...         100%        1    ##.....
 Call Imp                 Summ           #.......     100%        2    ###....
 Ensorcelled Hibernation  Hex/Ice        #.....       100%        2    ###....
 Call Canine Familiar     Summ           #.......     100%        3    ####...
 Confusing Touch          Hex            #.......     100%        3    ####...
 Dazzling Flash           Conj/Hex       #.....       100%        3    ####...
 Gell's Gravitas          Tloc           #.........   100%        3    ####...
 Summon Guardian Golem    Hex/Summ       #.......     100%        3    ####...
 Tukima's Dance           Hex            #.......     100%        3    ####...
 Petrify                  Tmut/Erth      #.......     100%        4    #####..
 Summon Ice Beast         Ice/Summ       #.......     100%        4    #####..
 Summon Lightning Spire   Summ/Air       #.......     100%        4    #####..
 Metabolic Englaciation   Hex/Ice        #.........   100%        5    ######.
 Yara's Violent Unravell  Hex/Tmut       #.........   100%        5    ######.


Dungeon Overview and Level Annotations

Branches:
Dungeon (7/15)             Temple (0/1) D:5

Altars:

Shops:
D:4 (


Innate Abilities, Weirdness & Mutations

You have hooves in place of feet.
Armour fits poorly on your strangely shaped body.
You cover ground very quickly.
You have extremely tough skin. (AC +3)


Message History

The crocodile barely misses you.
The iguana bites you but does no damage.
You hit the iguana but do no damage. You kick the iguana.
The iguana is almost dead.
You hit the crocodile. The crocodile bites you! The iguana bites you.
The crocodile bites you!
Unknown command.
You barely miss the iguana. Your kick misses the iguana.
The iguana is almost dead.
You closely miss the crocodile. The iguana bites you.
The crocodile bites you but does no damage.
Unknown command.
You closely miss the iguana. You kick the iguana, but do no damage.
The iguana is almost dead.
You hit the crocodile. The iguana bites you!
* * * LOW HITPOINT WARNING * * *
The crocodile bites you!
* * * LOW HITPOINT WARNING * * *
The iguana barely misses you. The crocodile bites you!
You die... ##....P.# #PP.PP.

##P.P. #.÷P#
#.####...######
......÷.....>..
###.##.[...#.#.
##.##t....#.#
#...@<........
#...l.......##
.......#...#.#.#
.......##..#:....
....... #..#####.
#..#.## #...
#..#. #.### #? ..
.#


You could see a crocodile and an iguana.

Vanquished Creatures
  A centaur zombie (D:5)
  An efreet (Abyss:2)
  Sigmund (D:6)
  A neqoxec (Abyss:2)
  A water moccasin (D:6)
  An orc warrior (D:6)
  2 black bears (D:6)
  An ogre (D:4)
  A necrophage (D:6)
  4 bullfrogs
  A scorpion (D:6)
  8 wights
  2 crimson imps
  A howler monkey (D:5)
  A hound (D:6)
  2 orc wizards
  A centaur skeleton (D:6)
  2 orc priests
  A bullfrog skeleton (D:5)
  3 iguanas
  5 worker ants
  Robin (D:2)
  5 adders
  An ooze (D:3)
  An adder zombie (D:5)
  An adder skeleton (D:3)
  2 worms (D:3)
  3 dart slugs
  12 leopard geckos
  12 orcs
  7 bats
  9 giant cockroaches
  15 goblins
  10 hobgoblins
  6 jackals
  2 quokkas
  A ball python (D:1)
  A frilled lizard (D:2)
  10 kobolds
  A leopard gecko skeleton (D:4)
  A quokka skeleton (D:6)
  6 rats
148 creatures vanquished.

Notes
Turn   | Place    | Note
-------+----------+-------------------------------------------
     0 | Abyss:1  | Gargoyl the Centaur Abyssal Knight began the quest for the
                  | Orb.
     0 | Abyss:1  | Reached XP level 1. HP: 19/19 MP: 2/2
    66 | Abyss:2  | Noticed a neqoxec
    69 | Abyss:2  | Killed a neqoxec
    69 | Abyss:2  | Reached XP level 2. HP: 28/28 MP: 3/3
    69 | Abyss:2  | Reached XP level 3. HP: 34/34 MP: 4/4
    69 | Abyss:2  | Reached XP level 4. HP: 41/41 MP: 5/5
    73 | Abyss:2  | Noticed an efreet
    77 | Abyss:2  | Killed an efreet
    77 | Abyss:2  | Reached skill level 5 in Fighting
    77 | Abyss:2  | Reached XP level 5. HP: 26/50 MP: 5/7
    77 | Abyss:2  | Reached XP level 6. HP: 30/57 MP: 5/8
    80 | Abyss:2  | Noticed a smoke demon
    81 | D:1      | Escaped the Abyss
   402 | D:1      | Reached * piety under Lugonu
  1046 | D:2      | Noticed Robin
  1052 | D:2      | Killed Robin
  1220 | D:2      | Reached skill level 1 in Dodging
  1690 | D:3      | Reached ** piety under Lugonu
  1702 | D:3      | Reached XP level 7. HP: 18/63 MP: 9/9
  2614 | D:4      | Found Rofi's Weapon Shoppe.
  2617 | D:4      | Bought a +1 vorpal broad axe for 143 gold pieces
  3614 | D:5      | Entered Level 5 of the Dungeon
  3979 | D:5      | Found a staircase to the Ecumenical Temple.
  4364 | D:5      | Reached *** piety under Lugonu
  4364 | D:5      | Reached XP level 8. HP: 57/71 MP: 9/11
  4667 | D:6      | Noticed Sigmund
  4688 | D:6      | Killed Sigmund
  4688 | D:6      | Reached skill level 5 in Axes
  5238 | D:6      | Reached XP level 9. HP: 63/76 MP: 12/12
  5247 | D:6      | HP: 5/114 [orc warrior/+0 long sword (13)]
  5248 | D:6      | Reached skill level 5 in Invocations
  6219 | D:6      | Reached skill level 5 in Armour
  7306 | D:7      | Slain by a crocodile

Levels and vault maps discovered:
D:1:      saegor_arrival_simple_d, layout_loops_ring, minmay_misc_feat_x,
          minmay_misc_feat_hallway, minmay_tetromino_t4
D:2:      layout_loops_ring, uniq_robin
D:3:      layout_rooms
D:4:      layout_basic, serial_shops, nicolae_shop_behind_doors
D:5:      layout_loops_corners, temple_pool_b, first_ration
D:6:      layout_loops_cross, gup_sewer_entry_pipe, minmay_diced_spiral,
          uniq_sigmund
D:7:      layout_basic, ebering_ghost_disaster_area, serial_shops,
          kennysheep_little_box, hangedman_abyss_or_decor_passed,
          grunt_livestock, minivault_4, minmay_lizard_king

Skill      XL: |  1  2  3  4  5  6  7  8  9 |
---------------+----------------------------+-----
Fighting       | 4 5 6 |  6.9
Axes           | 2 3 4 5 6 |  6.1
Armour         | 2 3 4 5 |  5.1
Invocations    | 3 4 5 |  5.4
Dodging        | 1 2 3 |  3.1
Throwing       | |  0.5
Evocations     | |  0.7

Action                   |  1- 3 |  4- 6 |  7- 9 || total
-------------------------+-------+-------+-------++-------
Melee: Hand axe          |       |   135 |    81 ||   216
       Kick              |       |    27 |    73 ||   100
       Broad axe         |       |       |   227 ||   227
Throw: Boomerang         |       |       |     6 ||     6
Invok: Depart the Abyss  |       |     1 |       ||     1
Evoke: Wand              |     2 |     5 |       ||     7
  Use: Potion            |     1 |       |     1 ||     2
       Scroll            |       |     5 |    10 ||    15
  Eat: Chunk             |       |     2 |    12 ||    14
       Ration            |       |       |     1 ||     1
Armor: Chain mail        |       |    91 |   267 ||   358
       Leather armour    |       |     5 |       ||     5
Dodge: Dodged            |       |    34 |    90 ||   124

Table legend:
 A = Non-vault XP
 B = Vault XP
 C = Vault XP percentage of total XP
 D = Non-vault monster count
 E = Vault monster count
 F = Vault count percentage of total count
                 A         B        C        D         E       F
            +---------+---------+-------+---------+---------+-------
      Total |    3364 |     499 |  12.9 |     121 |      27 |  18.2
            +---------+---------+-------+---------+---------+-------
        D:1 |      31 |       6 |  16.2 |      17 |       3 |  15.0
        D:2 |      38 |      28 |  42.4 |      16 |       8 |  33.3
        D:3 |     188 |       0 |   0.0 |      34 |       0 |   0.0
        D:4 |     286 |       0 |   0.0 |      13 |       0 |   0.0
        D:5 |     858 |       3 |   0.3 |      13 |       1 |   7.1
        D:6 |    1408 |     417 |  22.8 |      26 |      11 |  29.7
        D:7 |       0 |      45 | 100.0 |       0 |       4 | 100.0
    Abyss:2 |     555 |       0 |   0.0 |       2 |       0 |   0.0
            +---------+---------+-------+---------+---------+-------
